 Dungeon Crawl Stone Soup version 0.32-a0-42-ga30500b (webtiles) character file.

Game seed: 13891442180641694924

1360 Dorkslayer the Ruffian (level 8, -8/54 HPs)
             Began as an Octopode Fighter on Jan 29, 2024.
             Mangled by a gnoll
             ... wielding a +0 halberd of freezing
             ... led by a gnoll sergeant
              (11 damage)
             ... on level 6 of the Dungeon.
             The game lasted 00:12:09 (4159 turns).

Dorkslayer the Ruffian (Octopode Fighter)           Turns: 4159, Time: 00:12:09

Health: -8/54      AC:  1    Str: 18    XL:     8   Next: 64%
Magic:  8/8        EV: 14    Int: 10    God:
Gold:   178        SH:  5    Dex: 11    Spells: 7/7 levels left

rFire   . . .        r - +8 falchion of Conflict {flame, rN+ Will+}
rCold   . . .        a - +1 buckler
rNeg    + . .        o - +0 hat
rPois   +            (no amulet)
rElec   .            e - ring of wizardry
rCorr   .            g - ring of poison resistance
SInv    .            (no ring)
Will    +....        (no ring)
Stlth   ++++         (no ring)
HPRegen 0.29/turn    (no ring)
MPRegen 0.11/turn    (no ring)
                     (no ring)

%: wizardry (x1)
@: mighty
A: almost no armour, amphibious, 8 rings, camouflage 1, gelatinous body 1,
(nimble swimmer 1), tentacles
a: no special abilities


You were on level 6 of the Dungeon.
You visited 1 branch of the dungeon, and saw 6 of its levels.

You collected 178 gold pieces.

Inventory:

Hand Weapons
 b - a +2 mace of protection
 r - the +8 falchion of Conflict (weapon) {flame, rN+ Will+}
   (You found it on level 5 of the Dungeon)

   rN+:       It protects you from negative energy.
   Will+:     It increases your willpower.
 s - a +0 scimitar
Missiles
 l - a boomerang
Armour
 a - a +1 buckler (worn)
 o - a +0 hat (worn)
Jewellery
 e - a ring of wizardry (left tentacle)
 g - a ring of poison resistance (right tentacle)
Talismans
 f - a flux talisman
Wands
 j - a wand of digging (7)
 n - a wand of polymorph (5)
Scrolls
 h - a scroll of enchant armour
 m - a scroll of fear
 p - a scroll of silence
 q - a scroll of fog
 t - a scroll of torment {unknown}
Potions
 c - a potion of haste {unknown}
 d - a potion of brilliance
 k - a potion of might


   Skills:
 + Level 3.7 Fighting
 * Level 2.6 Long Blades
 + Level 0.6 Throwing
 + Level 4.6 Dodging
 + Level 4.5 Stealth
 + Level 3.6 Shields
 * Level 6.9 Unarmed Combat
 * Level 2.3 Evocations
 * Level 2.8 Shapeshifting


You had 7 spell levels left.
You didn't know any spells.
Your spell library contained the following spells:

 Spells                   Type           Power      Damage    Failure   Level
 Call Canine Familiar     Summ           0%         N/A       47%         3
 Sigil of Binding         Hex            0%         N/A       47%         3
 Dimensional Bullseye     Hex/Tloc       0%         N/A       86%         4


Dungeon Overview and Level Annotations

Branches:
Dungeon (6/15)             Temple (0/1) D:5

Altars:
Gozag
Zin


Innate Abilities, Weirdness & Mutations

You cannot wear most types of armour.
You are amphibious.
You can wear up to eight rings at the same time.
Your skin changes colour to match your surroundings (Stealth+).
Your rubbery body absorbs attacks. (AC +1, EV +1)
((You are camouflaged when in or above water. (Stealth+)))
You have tentacles for arms and can constrict up to eight enemies at once.


Message History

The bombardier beetle struggles to breathe.
The bombardier beetle seems to slow down.
The bombardier beetle is moderately wounded.
The gnoll sergeant shouts!
The gnoll barely misses you.
The bombardier beetle sprays incendiary fluid at you.
The burning spray hits you.
You are covered in liquid fire!
Throw: dart (curare)
Press: ? - help, Q - select action, (/) - cycle Shift-Dir - straight line, f/p - bombardier beetle
Aim: a bombardier beetle (severely wounded, very poisoned, slow, 65% to hit)
You throw a curare-tipped dart.
The curare-tipped dart hits the bombardier beetle.
The bombardier beetle looks as sick as possible!
The bombardier beetle struggles to breathe.
You kill the bombardier beetle!
The liquid fire burns you! The gnoll hits you with a +0 flail!
You shake off some of the fire as you move.
The liquid fire burns you!
You shake off the liquid fire.
You slash the gnoll! You burn the gnoll.
You kill the gnoll!
Unknown command.
Okay, then.
You feel very mighty all of a sudden.
The gnoll sergeant hits you with a +0 spear!
* * * LOW HITPOINT WARNING * * *
You block the gnoll's attack.
You slash the gnoll sergeant! You burn the gnoll sergeant!
Your grab misses the gnoll sergeant.
The gnoll sergeant is almost dead.
The gnoll sergeant hits you with a +0 spear!
* * * LOW HITPOINT WARNING * * *
The gnoll barely misses you. You block the gnoll sergeant's attack.
Okay, then.
You slash the gnoll sergeant! You burn the gnoll sergeant.
You kill the gnoll sergeant!
The gnoll hits you from afar with a +0 halberd of freezing!
You die...

...........#.###......
###........#)....#.#..
.................)##.....#..
..................#.........
..........#.......#.........
..........#.......#.........
..........#.......#.........
..(.......#.......#...<.....
..........#@......#.........
.........g).......#.........
..........##......#.........
.(........##......#.........
..........##......########..
..........##......# ###
###################


You could see a gnoll.

Vanquished Creatures
  Sigmund (D:3)
  A water moccasin (D:5)
  2 ice beasts (D:6)
  A black bear (D:6)
  An ogre (D:3)
  A phantom (D:5)
  A kobold brigand (D:6)
  A gnoll sergeant (D:6)
  A scorpion (D:5)
  A bombardier beetle (D:6)
  3 hounds
  An orc priest (D:3)
  2 iguanas
  Jessica (D:2)
  2 orc wizards
  4 gnolls
  9 adders
  A white imp (D:5)
  2 ufetubi (D:5)
  A ribbon worm (D:3)
  2 dart slugs
  6 orcs
  4 ball pythons
  3 bats
  7 endoplasms
  3 giant cockroaches
  18 goblins
  10 hobgoblins
  4 jackals (D:4)
  8 quokkas
  3 frilled lizards
  7 kobolds
  4 rats
116 creatures vanquished.

Notes
Turn   | Place    | Note
-------+----------+-------------------------------------------
     0 | D:1      | Dorkslayer the Octopode Fighter began the quest for the
                  | Orb.
     0 | D:1      | Reached XP level 1. HP: 16/16 MP: 1/1
   138 | D:1      | Reached XP level 2. HP: 21/21 MP: 2/2
   952 | D:2      | Reached XP level 3. HP: 26/26 MP: 3/3
   974 | D:2      | Reached skill level 1 in Stealth
  1077 | D:2      | Noticed Jessica
  1081 | D:2      | Killed Jessica
  1082 | D:2      | Reached skill level 3 in Unarmed Combat
  1082 | D:2      | Reached XP level 4. HP: 31/31 MP: 4/4
  1304 | D:2      | Reached skill level 1 in Shapeshifting
  1506 | D:3      | Reached XP level 5. HP: 14/36 MP: 5/5
  1604 | D:3      | Reached skill level 4 in Unarmed Combat
  1689 | D:3      | Noticed an ogre
  1699 | D:3      | HP: 1/36 [ogre/+0 giant spiked club (28)]
  1701 | D:3      | Killed an ogre
  1702 | D:3      | Reached XP level 6. HP: 1/42 MP: 6/6
  1905 | D:3      | Noticed Sigmund
  1916 | D:3      | Killed Sigmund
  1917 | D:3      | Reached skill level 5 in Unarmed Combat
  1984 | D:3      | Reached XP level 7. HP: 42/46 MP: 7/7
  2773 | D:4      | Reached skill level 6 in Unarmed Combat
  2968 | D:4      | Found a glowing silver altar of Zin.
  2973 | D:4      | Found an opulent altar of Gozag.
  3242 | D:5      | Entered Level 5 of the Dungeon
  3296 | D:5      | Reached skill level 1 in Evocations
  3499 | D:5      | Identified the +8 falchion of Conflict {flame, rN+ Will+}
  3535 | D:5      | Found a staircase to the Ecumenical Temple.
  3749 | D:5      | Reached XP level 8. HP: 41/52 MP: 8/8
  3784 | D:6      | Reached skill level 1 in Long Blades
  3825 | D:6      | Noticed Maggie
  3830 | D:6      | Maggie changed into Maggie the goblin
  3830 | D:6      | Noticed Maggie
  3833 | D:6      | Killed Maggie the goblin
  4159 | D:6      | Mangled by a gnoll

Illustrated notes

Levels and vault maps discovered:
D:1:      elethiomel_arrival_shortcut, layout_basic
D:2:      minmay_evil_eye, layout_rooms, uniq_jessica
D:3:      layout_loops_ring, skrybe_limestone_x, minmay_ogre_servants,
          uniq_sigmund
D:4:      layout_basic, pdpol_temple_overflow_zin_treasury_gozag_greed,
          nicolae_zig_zag_zippers
D:5:      layout_rooms, minmay_temple_entry_from_below_a,
          grunt_decor_one_mirror, lemuel_flame_loot_1
D:6:      layout_basic, uniq_maggie

Skill      XL: |  1  2  3  4  5  6  7  8 |
---------------+-------------------------+-----
Stealth        | 1 2 3 4 |  4.5
Unarmed Combat | 3 4 5 6 |  6.9
Shapeshifting  | 1 2 |  2.8
Dodging        | 4 |  4.6
Evocations     | 1 2 |  2.3
Long Blades    | 2 |  2.6
Fighting       | |  3.7
Throwing       | |  0.6
Shields        | |  3.6

Action                     |  1- 3 |  4- 6 |  7- 9 || total
---------------------------+-------+-------+-------++-------
  Melee: Unarmed           |    59 |    58 |    83 ||   200
         Constrict         |    21 |    10 |    27 ||    58
         Tentacles         |    12 |    19 |    24 ||    55
         Punch             |     4 |     3 |     7 ||    14
         Falchion          |       |       |    46 ||    46
  Throw: Throwing net      |       |     1 |       ||     1
         Dart              |       |       |     8 ||     8
  Evoke: Wand              |       |       |     2 ||     2
    Use: Potion            |       |     3 |     2 ||     5
         Scroll            |       |     5 |     4 ||     9
   Stab: Sleeping          |     9 |     2 |     8 ||    19
 Armour: Skin              |    20 |    20 |    51 ||    91
  Dodge: Dodged            |    24 |    18 |    73 ||   115
  Block: Buckler           |    10 |     8 |    23 ||    41

Table legend: (Time is in decaauts)
 A = Elapsed time spent in this place.
 B = Non-inter-level travel time spent in this place.
 C = Inter-level travel time spent in this place.
 D = Time resting spent in this place.
 E = Time spent auto-exploring this place.
 F = Levels seen in this place.
 G = Mean time per level.
                   A        B        C        D        E       F      G
               +--------+--------+--------+--------+--------+-----+--------+
         Total |   4160 |   4154 |      6 |    148 |   2115 |   6 |  693.3 |
       Dungeon |   4160 |   4154 |      6 |    148 |   2115 |   6 |  693.3 |
               +--------+--------+--------+--------+--------+-----+--------+

Top non-repeatable levels by time:
     D:1: 979 daAuts
     D:3: 972 daAuts
     D:4: 781 daAuts
     D:5: 538 daAuts
     D:2: 500 daAuts
     D:6: 388 daAuts
